 Dungeon Crawl Stone Soup version 0.21.1-1-g345015f (webtiles) character file.

44 inc the Chiller (level 3, 0/23 HPs)
             Began as an Octopode Ice Elementalist on June 13, 2018.
             Slain by a jackal (2 damage)
             ... on level 2 of the Dungeon.
             The game lasted 00:01:18 (1266 turns).

inc the Chiller (Octopode Ice Elementalist)         Turns: 1266, Time: 00:01:19

Health: 0/23       AC:  1    Str:  7    XL:     3   Next: 62%
Magic:  6/6        EV: 13    Int: 18    God:
Gold:   46         SH:  0    Dex: 12    Spells: 2/6 levels left

rFire    . . .     SeeInvis .     - Unarmed
rCold    . . .     Gourm    .   (no shield)
rNeg     . . .     Faith    .   (helmet restricted)
rPois    .         Spirit   .   (no amulet)
rElec    .         Reflect  .   (no ring)
rCorr    .         Harm     .   (no ring)
MR       .....                  (no ring)
Stlth    +++.......             (no ring)
HPRegen  0.07/turn              (no ring)
MPRegen  0.10/turn              (no ring)
                                (no ring)
                                (no ring)

@: no status effects
A: almost no armour, stealthy swim, amphibious, 8 rings, constrict 8, camouflage
1, gelatinous body 1
a: no special abilities


You were on level 2 of the Dungeon.
You were very hungry.

You visited 1 branch of the dungeon, and saw 2 of its levels.

You collected 46 gold pieces.

Inventory:

Scrolls
 c - 4 scrolls of identify {unknown}
 d - a scroll of magic mapping {unknown}
 e - 2 scrolls of remove curse {unknown}
 g - a scroll of fog {unknown}
 i - a scroll of teleportation {unknown}
 j - a scroll of amnesia {unknown}
Potions
 f - a potion of cancellation {unknown}
 h - a potion of curing {unknown}
Books
 a - a book of Frost

   Spells                             Type                      Level
   a - Freeze                         Ice                          1
   b - Throw Frost                    Conjuration/Ice              2
   c - Ozocubu's Armour               Charms/Ice                   3
   d - Throw Icicle                   Conjuration/Ice              4
   e - Summon Ice Beast               Ice/Summoning                4
Comestibles
 b - a ration


   Skills:
 - Level 1.4 Fighting
 - Level 2.0 Dodging
 - Level 2.6 Stealth
 - Level 2.2 Unarmed Combat
 - Level 2.0 Spellcasting
   Level 1.0 Conjurations
 + Level 1.0 Charms
 - Level 3.0 Ice Magic


You had 2 spell levels left.
You knew the following spells:

 Your Spells              Type           Power        Failure   Level  Hunger
a - Freeze                Ice            ##..         5%          1    #......
b - Ozocubu's Armour      Chrm/Ice       #.......     24%         3    ###....


Dungeon Overview and Level Annotations

Branches:
Dungeon (2/15)

Altars:


Innate Abilities, Weirdness & Mutations

You cannot wear most types of armour.
You are very stealthy in the water. (Stealth+)
You are amphibious.
You can wear up to eight rings at the same time.
You can use your tentacles to constrict eight enemies at once.
Your skin changes colour to match your surroundings (Stealth+).
Your rubbery body absorbs attacks. (AC +1, EV +1)


Message History

* * * LOW HITPOINT WARNING * * *
The jackal barely misses you. The jackal misses you.
Unknown command.
You closely miss the jackal. Your grab misses the jackal.
You constrict the jackal. The jackal closely misses you.
The jackal barely misses you. x2
Unknown command.
You barely miss the jackal. You grab the jackal. You squeeze the jackal.
The jackal is almost dead.
You constrict the jackal. x2
You kill the jackal!
The jackal closely misses you. The jackal misses you.
The jackal completely misses you.
Unknown command.
You tentacle-slap the jackal. Your grab misses the jackal.
The jackal is severely wounded.
You constrict the jackal.
The jackal bites you but does no damage. x2
The jackal bites you.
You die...

......... .
...#.#.........## .#
.....#. ........# ..#
.......###......##.#
.......#...........#
.......#..........#
...............)#..#####
......)....)....#.......
......)@h..((...##......
......†h..$.....##......
...###..........##......
. #...........#......
#...###....).......
#...# ######.......
#..## ##...... #..#
#...... #.!.....


You could see 2 jackals.

Vanquished Creatures
  An adder (D:2)
  2 giant cockroaches
  6 goblins
  2 hobgoblins
  5 jackals
  A ball python (D:1)
  4 bats (D:1)
  A frilled lizard (D:1)
  6 kobolds
  6 rats
34 creatures vanquished.

Notes
Turn   | Place    | Note
-------+----------+-------------------------------------------
     0 | D:1      | inc the Octopode Ice Elementalist began the quest for the Orb.
     0 | D:1      | Reached XP level 1. HP: 11/11 MP: 3/3
   361 | D:1      | Reached skill level 1 in Unarmed Combat
   361 | D:1      | Reached XP level 2. HP: 11/18 MP: 5/5
   370 | D:1      | Reached skill level 1 in Fighting
  1205 | D:2      | Reached XP level 3. HP: 23/23 MP: 2/6
  1210 | D:2      | Learned a level 3 spell: Ozocubu's Armour
  1263 | D:2      | Reached skill level 1 in Charms
  1266 | D:2      | Slain by a jackal

Skill      XL: |  1  2  3 |
---------------+----------+-----
Unarmed Combat | 1 2 |  2.2
Fighting       | 1 |  1.4
Charms         | 1 |  1.0
Dodging        | |  2.0
Stealth        | |  2.6
Spellcasting   | |  2.0
Conjurations   | |  1.0
Ice Magic      | |  3.0

Action                   || total
-------------------------++-------
Melee: Unarmed           ||    76
       Constrict         ||    26
       Tentacles         ||    17
 Cast: Freeze            ||     4
 Stab: Sleeping          ||     9
Armor: Skin              ||    11
Dodge: Dodged            ||    62
